TOP OF THE 1ST |
Bristol Pirates batting - Pitching for Ogden Raptors : LHP Randy Dupuis
|
Pitching: LHP Randy Dupuis
|
|
Batting: SHB Don Hauk
|
0-0: Ball 1-0: SOLO HOME RUN (Flyball, 8LXD, EV 115.0 MPH), Distance : 455 ft
|
Batting: RHB Pete Hutton
|
0-0: Ball 1-0: Swinging Strike 1-1: Ball 2-1: Called Strike 2-2: Ball 3-2: Ground out 5-3 (Groundball, 5S, EV 82.5 MPH)
|
Batting: RHB Randy Bergman
|
0-0: Ball 1-0: SINGLE (Groundball, 56D, EV 111.9 MPH)
|
Batting: SHB Ronnie Brooks
|
0-0: Called Strike 0-1: Ball 1-1: Ball 2-1: Ball 3-1: Base on Balls Randy Bergman to second
|
Batting: RHB Frank Elizondo
|
0-0: Called Strike 0-1: Swinging Strike 0-2: Foul Ball, location: 2F 0-2: Ball 1-2: Strikes out swinging
|
Batting: LHB Randy Boone
|
0-0: Ball 1-0: Ball Wild Pitch! Randy Bergman to third Ronnie Brooks to second 2-0: Ground out 6-3 (Groundball, 6, EV 80.0 MPH)
|
Top of the 1st over - 1 run, 2 hits, 0 errors, 2 left on base; Bristol 1 - Ogden 0 |
BOTTOM OF THE 1ST |
Ogden Raptors batting - Pitching for Bristol Pirates : LHP Alfredo Carranza
|
Pitching: LHP Alfredo Carranza
|
|
Batting: LHB Cory Bowler
|
0-0: Called Strike 0-1: Ground out 3-1 (Groundball, 13, EV 89.4 MPH)
|
Batting: SHB Dave Reynoso
|
0-0: Ball 1-0: Ball 2-0: Ball 3-0: Base on Balls
|
Batting: RHB Jonathan Kirsch
|
0-0: Foul Ball, location: 2F 0-1: Called Strike 0-2: Fielders Choice at 2nd, 6-4 (Groundball, 6D, EV 101.9 MPH)
|
Batting: RHB Chad Rojas
|
0-0: Foul Ball, location: 2F 0-1: Ground out 4-3 (Groundball, 4, EV 81.9 MPH)
|
Bottom of the 1st over - 0 runs, 0 hits, 0 errors, 1 left on base; Bristol 1 - Ogden 0 |
TOP OF THE 2ND |
Bristol Pirates batting - Pitching for Ogden Raptors : LHP Randy Dupuis
|
Batting: RHB Alain Marquet
|
0-0: Called Strike 0-1: Swinging Strike 0-2: Ground out 5-3 (Groundball, 56, EV 83.1 MPH)
|
Batting: RHB Rob Colley
|
0-0: Ball 1-0: SOLO HOME RUN (Flyball, 78XD, EV 106.2 MPH), Distance : 434 ft
|
Batting: RHB Erik Mulligan
|
0-0: Ball 1-0: Called Strike 1-1: Ball 2-1: Foul Ball, location: 2F 2-2: Ground out 4-3 (Groundball, 4D, EV 103.1 MPH)
|
Batting: SHB Don Hauk
|
0-0: Ball 1-0: Ball 2-0: Fly out, F9 (Flyball, 9LD, EV 106.9 MPH)
|
Top of the 2nd over - 1 run, 1 hit, 0 errors, 0 left on base; Bristol 2 - Ogden 0 |
BOTTOM OF THE 2ND |
Ogden Raptors batting - Pitching for Bristol Pirates : LHP Alfredo Carranza
|
Batting: LHB Nate Kee
|
0-0: Ball 1-0: Foul Ball, location: 2F 1-1: Ball 2-1: Ball 3-1: Base on Balls
|
Batting: RHB Tommy Hunter
|
0-0: Ball Nate Kee is caught stealing 2nd base 2-4 1-0: Foul Ball, location: 2F 1-1: Foul Ball, location: 2F 1-2: Strikes out swinging
|
Batting: RHB Brad Brady
|
0-0: Ball 1-0: Swinging Strike 1-1: Ball 2-1: Ball 3-1: Base on Balls
|
Batting: RHB Will Barksdale
|
0-0: Swinging Strike 0-1: Swinging Strike 0-2: Strikes out swinging
|
Bottom of the 2nd over - 0 runs, 0 hits, 0 errors, 1 left on base; Bristol 2 - Ogden 0 |
TOP OF THE 3RD |
Bristol Pirates batting - Pitching for Ogden Raptors : LHP Randy Dupuis
|
Batting: RHB Pete Hutton
|
0-0: Ball 1-0: Fly out, F9 (Flyball, 9, EV 98.8 MPH)
|
Batting: RHB Randy Bergman
|
0-0: Called Strike 0-1: Ground out 5-3 (Groundball, 56, EV 82.5 MPH)
|
Batting: SHB Ronnie Brooks
|
0-0: Called Strike 0-1: Called Strike 0-2: Ball 1-2: Ball 2-2: Foul Ball, location: 2F 2-2: Ball 3-2: SINGLE (Groundball, 6MS, EV 66.9 MPH) (infield hit)
|
Batting: RHB Frank Elizondo
|
0-0: Called Strike 0-1: Called Strike 0-2: Ball 1-2: Ball 2-2: Strikes out swinging
|
Top of the 3rd over - 0 runs, 1 hit, 0 errors, 1 left on base; Bristol 2 - Ogden 0 |
BOTTOM OF THE 3RD |
Ogden Raptors batting - Pitching for Bristol Pirates : LHP Alfredo Carranza
|
Batting: SHB Jason Todd
|
0-0: Called Strike 0-1: Swinging Strike 0-2: Ball 1-2: Strikes out swinging
|
Batting: LHB Cory Bowler
|
0-0: Ball 1-0: Foul Ball, location: 2F 1-1: Swinging Strike 1-2: Ball 2-2: Ground out U3 (Groundball, 3, EV 85.0 MPH)
|
Batting: SHB Dave Reynoso
|
0-0: Called Strike 0-1: Ball 1-1: Called Strike 1-2: Ball 2-2: Strikes out swinging
|
Bottom of the 3rd over - 0 runs, 0 hits, 0 errors, 0 left on base; Bristol 2 - Ogden 0 |
TOP OF THE 4TH |
Bristol Pirates batting - Pitching for Ogden Raptors : LHP Randy Dupuis
|
Pitching: RHP Jeff Lewis
|
|
Batting: LHB Randy Boone
|
0-0: Ball 1-0: Fly out, F7 (Line Drive, 78M, EV 89.4 MPH)
|
Batting: RHB Alain Marquet
|
0-0: Ball 1-0: Ball 2-0: Foul Ball, location: 2F 2-1: Ground out 5-3 (Groundball, 56S, EV 67.5 MPH)
|
Batting: RHB Rob Colley
|
0-0: Ball 1-0: Called Strike 1-1: Ball 2-1: Called Strike 2-2: Strikes out swinging
|
Top of the 4th over - 0 runs, 0 hits, 0 errors, 0 left on base; Bristol 2 - Ogden 0 |
BOTTOM OF THE 4TH |
Ogden Raptors batting - Pitching for Bristol Pirates : LHP Alfredo Carranza
|
Batting: RHB Jonathan Kirsch
|
0-0: Hit by Pitch
|
Batting: RHB Chad Rojas
|
0-0: 2-RUN HOME RUN (Flyball, 7D, EV 105.6 MPH), Distance : 382 ft
|
Batting: LHB Nate Kee
|
0-0: Ball 1-0: Ground out U3 (Groundball, 3, EV 85.6 MPH)
|
Batting: RHB Tommy Hunter
|
0-0: Fly out, F7 (Flyball, 78XD, EV 105.0 MPH)
|
Batting: RHB Brad Brady
|
0-0: Ball 1-0: Called Strike 1-1: Foul Ball, location: 2F 1-2: Strikes out swinging, 2-3 out at first.
|
Bottom of the 4th over - 2 runs, 1 hit, 0 errors, 0 left on base; Bristol 2 - Ogden 2 |
TOP OF THE 5TH |
Bristol Pirates batting - Pitching for Ogden Raptors : RHP Jeff Lewis
|
Batting: RHB Erik Mulligan
|
0-0: Swinging Strike 0-1: Called Strike 0-2: Ball 1-2: Ball 2-2: Strikes out looking
|
Pitching: RHP Nick Vigh
|
|
Batting: SHB Don Hauk
|
0-0: Called Strike 0-1: Foul Ball, location: 2F 0-2: Ball 1-2: Strikes out swinging
|
Batting: RHB Pete Hutton
|
0-0: Ball 1-0: Swinging Strike 1-1: Foul Ball, location: 2F 1-2: Ball 2-2: Foul Ball, location: 2F 2-2: Ball 3-2: Foul Ball, location: 2F 3-2: Fly out, F8 (Flyball, 8LM, EV 88.8 MPH)
|
Top of the 5th over - 0 runs, 0 hits, 0 errors, 0 left on base; Bristol 2 - Ogden 2 |
BOTTOM OF THE 5TH |
Ogden Raptors batting - Pitching for Bristol Pirates : LHP Alfredo Carranza
|
Batting: RHB Will Barksdale
|
0-0: Ball 1-0: Ball 2-0: Foul Ball, location: 2F 2-1: Called Strike 2-2: DOUBLE (Line Drive, 3D, EV 103.1 MPH)
|
Batting: SHB Jason Todd
|
0-0: Called Strike 0-1: Ball 1-1: Foul Ball, location: 2F 1-2: Strikes out looking
|
Batting: LHB Cory Bowler
|
0-0: Called Strike 0-1: Ball 1-1: Ground out U3 (Groundball, 3, EV 100.6 MPH) Will Barksdale to third
|
Batting: SHB Dave Reynoso
|
0-0: Foul Ball, location: 2F 0-1: SINGLE (Groundball, 56D, EV 99.4 MPH) Will Barksdale scores
|
Batting: RHB Jonathan Kirsch
|
0-0: Ball 1-0: Called Strike Dave Reynoso is caught stealing 2nd base 2-4
|
Bottom of the 5th over - 1 run, 2 hits, 0 errors, 0 left on base; Bristol 2 - Ogden 3 |
TOP OF THE 6TH |
Bristol Pirates batting - Pitching for Ogden Raptors : RHP Nick Vigh
|
Batting: RHB Randy Bergman
|
0-0: Swinging Strike 0-1: Reached on error, E6 (Groundball, 6, EV 90.0 MPH)
|
Batting: SHB Ronnie Brooks
|
0-0: TRIPLE (Flyball, 89XD, EV 93.8 MPH) Randy Bergman scores
|
Pitching: RHP Cory Fischer
|
|
Batting: RHB Frank Elizondo
|
0-0: Called Strike 0-1: Swinging Strike 0-2: Ball 1-2: Strikes out swinging
|
Batting: LHB Randy Boone
|
0-0: Ball 1-0: Foul Ball, location: 2F 1-1: Ball 2-1: Hit by Pitch
|
Batting: RHB Alain Marquet
|
0-0: Called Strike 0-1: Ball 1-1: Ball 2-1: Called Strike 2-2: Ball 3-2: Strikes out swinging
|
Batting: RHB Rob Colley
|
0-0: Called Strike 0-1: Called Strike 0-2: Ball 1-2: Fly out, F7 (Flyball, 7LM, EV 96.9 MPH)
|
Top of the 6th over - 1 run, 1 hit, 1 error, 2 left on base; Bristol 3 - Ogden 3 |
BOTTOM OF THE 6TH |
Ogden Raptors batting - Pitching for Bristol Pirates : LHP Alfredo Carranza
|
Batting: RHB Jonathan Kirsch
|
0-0: Fly out, F9 (Flyball, 9D, EV 85.6 MPH)
|
Batting: RHB Chad Rojas
|
0-0: Ball 1-0: Ball 2-0: Ball 3-0: Called Strike 3-1: Base on Balls
|
Batting: LHB Nate Kee
|
0-0: Called Strike 0-1: Foul Ball, location: 2F 0-2: Fielders Choice at 2nd, 3-6 (Groundball, 3, EV 100.6 MPH)
|
Batting: RHB Tommy Hunter
|
0-0: Ball 1-0: Ball 2-0: Called Strike 2-1: Called Strike 2-2: Ball Nate Kee steals 2nd, throwing error, E2 Nate Kee to third 3-2: Strikes out swinging
|
Bottom of the 6th over - 0 runs, 0 hits, 1 error, 1 left on base; Bristol 3 - Ogden 3 |
TOP OF THE 7TH |
Bristol Pirates batting - Pitching for Ogden Raptors : RHP Cory Fischer
|
Pitching: RHP Clyde Miller
|
|
Batting: RHB Erik Mulligan
|
0-0: Swinging Strike 0-1: Ball 1-1: Foul Ball, location: 2F 1-2: Strikes out looking
|
Batting: SHB Don Hauk
|
0-0: SINGLE (Groundball, 25, EV 61.2 MPH) (infield hit)
|
Batting: RHB Pete Hutton
|
0-0: Called Strike 0-1: Ball Don Hauk is caught stealing 2nd base 2-4 1-1: Ball 2-1: Ground out 6-3 (Groundball, 6, EV 106.9 MPH)
|
Top of the 7th over - 0 runs, 1 hit, 0 errors, 0 left on base; Bristol 3 - Ogden 3 |
BOTTOM OF THE 7TH |
Ogden Raptors batting - Pitching for Bristol Pirates : LHP Alfredo Carranza
|
Batting: RHB Brad Brady
|
0-0: Ball 1-0: Ground out 6-3 (Groundball, 6M, EV 95.0 MPH)
|
Batting: RHB Will Barksdale
|
0-0: Ball 1-0: Fly out, F9 (Flyball, 89M, EV 92.5 MPH)
|
Batting: SHB Jason Todd
|
0-0: Ball 1-0: Ball 2-0: Ball 3-0: Called Strike 3-1: Swinging Strike 3-2: Foul Ball, location: 2F 3-2: SINGLE (Groundball, 4MD, EV 96.2 MPH)
|
Batting: LHB Cory Bowler
|
0-0: Ball 1-0: Swinging Strike 1-1: Foul Ball, location: 2F 1-2: Strikes out swinging
|
Bottom of the 7th over - 0 runs, 1 hit, 0 errors, 1 left on base; Bristol 3 - Ogden 3 |
TOP OF THE 8TH |
Bristol Pirates batting - Pitching for Ogden Raptors : RHP Clyde Miller
|
Batting: RHB Randy Bergman
|
0-0: Ball 1-0: Ball 2-0: Ball 3-0: Called Strike 3-1: Base on Balls
|
Batting: SHB Ronnie Brooks
|
0-0: DOUBLE (Line Drive, 78M, EV 102.5 MPH) Randy Bergman to third Runner from 3rd tries for Home, SAFE, throw by LF to trailing runner, SAFE at third!
|
Batting: RHB Frank Elizondo
|
0-0: Ball 1-0: Ground out 6-3 (Groundball, 6, EV 88.8 MPH)
|
Batting: LHB Randy Boone
|
0-0: Called Strike 0-1: Foul Ball, location: 2F 0-2: Ball 1-2: Ball 2-2: Strikes out swinging
|
Pitching: RHP Alfredo Sanchez
|
|
Batting: RHB Alain Marquet
|
0-0: Ball 1-0: Ground out 6-3 (Groundball, 6M, EV 98.1 MPH)
|
Top of the 8th over - 1 run, 1 hit, 0 errors, 1 left on base; Bristol 4 - Ogden 3 |
BOTTOM OF THE 8TH |
Ogden Raptors batting - Pitching for Bristol Pirates : LHP Alfredo Carranza
|
Batting: SHB Dave Reynoso
|
0-0: Ball 1-0: Ball 2-0: Ball 3-0: Base on Balls
|
Batting: RHB Jonathan Kirsch
|
0-0: Ball 1-0: Foul Ball, location: 2F 1-1: Grounds into double play, 6-4-3 (Groundball, 56S, EV 88.8 MPH)
|
Batting: RHB Chad Rojas
|
0-0: Called Strike 0-1: Ground out 6-3 (Groundball, 6D, EV 98.8 MPH)
|
Bottom of the 8th over - 0 runs, 0 hits, 0 errors, 0 left on base; Bristol 4 - Ogden 3 |
TOP OF THE 9TH |
Bristol Pirates batting - Pitching for Ogden Raptors : RHP Alfredo Sanchez
|
Batting: RHB Rob Colley
|
0-0: Foul Ball, location: 2F 0-1: Ball 1-1: Swinging Strike 1-2: Ball 2-2: Foul Ball, location: 2F 2-2: Ball 3-2: Base on Balls
|
Batting: RHB Erik Mulligan
|
0-0: Called Strike 0-1: Called Strike 0-2: Ball 1-2: Strikes out swinging
|
Batting: SHB Don Hauk
|
0-0: Called Strike 0-1: Ball 1-1: Swinging Strike 1-2: Strikes out looking
|
Batting: RHB Pete Hutton
|
0-0: Ball 1-0: Ball 2-0: Called Strike 2-1: TRIPLE (Flyball, 9LD, EV 110.6 MPH) Rob Colley scores
|
Pitching: RHP Balinda Msrah
|
|
Batting: RHB Randy Bergman
|
0-0: Ball 1-0: Ball 2-0: SINGLE (Groundball, 56D, EV 96.9 MPH) Pete Hutton scores
|
Batting: SHB Ronnie Brooks
|
0-0: Ball 1-0: Called Strike 1-1: Ball 2-1: Fly out, F5 (Popup, 25F, EV 92.5 MPH)
|
Top of the 9th over - 2 runs, 2 hits, 0 errors, 1 left on base; Bristol 6 - Ogden 3 |
BOTTOM OF THE 9TH |
Ogden Raptors batting - Pitching for Bristol Pirates : LHP Alfredo Carranza
|
Pitching: RHP Onne Stubbe
|
|
Batting: LHB Nate Kee
|
0-0: Ball 1-0: Called Strike 1-1: Ball 2-1: Foul Ball, location: 2F 2-2: Ball 3-2: Fly out, F9 (Flyball, 9D, EV 99.4 MPH)
|
Batting: RHB Tommy Hunter
|
0-0: Called Strike 0-1: Ball 1-1: Fly out, F7 (Flyball, 78S, EV 96.2 MPH)
|
Pinch Hitting: LHB Mitchell Casey
|
0-0: Ball 1-0: Foul Ball, location: 2F 1-1: Called Strike 1-2: SOLO HOME RUN (Flyball, 89XD, EV 110.6 MPH), Distance : 436 ft
|
Batting: RHB Will Barksdale
|
0-0: Called Strike 0-1: Foul Ball, location: 2F 0-2: Ball 1-2: Ball 2-2: TRIPLE (Flyball, 89XD, EV 113.1 MPH)
|
Batting: SHB Jason Todd
|
0-0: Ball 1-0: Foul Ball, location: 2F 1-1: Swinging Strike 1-2: Foul Ball, location: 2F 1-2: Foul Ball, location: 2F 1-2: Strikes out looking
|
Bottom of the 9th over - 1 run, 2 hits, 0 errors, 1 left on base; Bristol 6 - Ogden 4 |
|